 Dungeon Crawl Stone Soup version 0.31-a0-859-g9dce7d3444 (webtiles) character file.

Game seed: 4703256241045416826

35 Shayle the Ruffian (level 3, -4/27 HPs)
             Began as a Human Shapeshifter on Oct 9, 2023.
             Slain by a gnoll
             ... wielding a +0 halberd
              (15 damage)
             ... on level 1 of the Dungeon.
             The game lasted 00:01:41 (885 turns).

Shayle the Ruffian (Human Shapeshifter)              Turns: 885, Time: 00:01:42

Health: -4/27      AC:  2    Str: 14    XL:     3   Next: 55%
Magic:  3/3        EV: 11    Int: 12    God:
Gold:   37         SH:  4    Dex: 12    Spells: 2/2 levels left

rFire   . .          .
                       - Unarmed
rCold   . . .        g - +0 buckler
rNeg    . . .        a - +0 animal skin
rPois   .            (helmet currently unavailable)
rElec   .            (cloak currently unavailable)
rCorr   .            (gloves currently unavailable)
SInv    .            (boots currently unavailable)
Will    .....        (no amulet)
Stlth   +            (no ring)
HPRegen 0.24/turn    (no ring)
MPRegen 0.08/turn

%: no passive effects
@: beast-form
A: beast (slay +1)
a: Begin Untransformation


You were on level 1 of the Dungeon.
You were a hulking beast.
You visited 1 branch of the dungeon, and saw 2 of its levels.

You collected 37 gold pieces.

Inventory:

Armour
 a - a +0 animal skin (worn)
 g - a +0 buckler (worn)
 j - a +0 helmet
Talismans
 c - a beast talisman (active)
 d - a flux talisman
Scrolls
 e - 2 scrolls of enchant weapon {unknown}
 f - 3 scrolls of identify {unknown}
 i - a scroll of teleportation {unknown}
Potions
 b - a potion of lignification
 h - a potion of might {unknown}


   Skills:
 + Level 1.8 Fighting
 - Level 2.0 Dodging
 + Level 0.7 Shields
 + Level 3.4 Unarmed Combat
 + Level 3.3 Shapeshifting


You had 2 spell levels left.
You didn't know any spells.
Your spell library was empty.

Dungeon Overview and Level Annotations

Branches:
Dungeon (2/15)

Altars:


Message History

You hit the hobgoblin.
You kill the hobgoblin!
Found a scroll labelled ISUDAU SUVAKKE.
Found a helmet.
i - a scroll labelled ISUDAU SUVAKKE You see here an orb of mayhem.
You see here a staff of conjuration.
You start resting.
HP restored.
You see here a +0 helmet.
Okay, then.
j - a +0 helmet Done exploring.
Done exploring.
There are no items here.
You can't go down here!
There is an open door here.
There is an open door here.
There is a stone staircase leading down here.
You climb downwards.
The gnoll shouts! x2; The jackal barks!
The gnoll shouts!
The jackal barks!
The gnoll shouts!
The jackal barks!
Found a silver ring.
Found a stone staircase leading up.
There is a stone staircase leading up here.
There are monsters nearby!
Unknown command.
You block the gnoll's attack.
You climb upwards.
There is a stone staircase leading down here.
You hit the gnoll.
The gnoll is lightly wounded.
The gnoll hits you with a +0 halberd!
You closely miss the gnoll.
The gnoll is lightly wounded.
The gnoll hits you with a +0 halberd!
You hit the gnoll.
The gnoll is moderately wounded.
The gnoll hits you with a +0 halberd!
Ouch! That really hurt!
You die...

##################
#h................
#g####.###########
#.# #..# #.#
##.### #.#
#...#### #.#
###....### #.#
####...### #.#
########.... #.#
#.).......##


You could see a gnoll.

Vanquished Creatures
  A dart slug (D:1)
  3 ball pythons (D:1)
  2 endoplasms (D:1)
  2 giant cockroaches (D:1)
  5 hobgoblins (D:1)
  6 jackals (D:1)
  3 kobolds (D:1)
  A quokka (D:1)
  2 bats (D:1)
  2 frilled lizards (D:1)
  A rat (D:1)
28 creatures vanquished.

Notes
Turn   | Place    | Note
-------+----------+-------------------------------------------
     0 | D:1      | Shayle the Human Shapeshifter began the quest for the Orb.
     0 | D:1      | Reached XP level 1. HP: 15/15 MP: 1/1
    92 | D:1      | Reached XP level 2. HP: 21/21 MP: 2/2
   561 | D:1      | Reached XP level 3. HP: 20/27 MP: 3/3
   885 | D:1      | Slain by a gnoll

Illustrated notes

Levels and vault maps discovered:
D:1:      lemuel_arrival_hallway, layout_basic, minmay_vboxes
D:2:      minmay_general_purpose_star, layout_rooms,
          hellmonk_ecumenical_altar_pennies_from_heaven, corexii_hall_statues_u,
          uniq_robin, uniq_sigmund

Action                     || total
---------------------------++-------
  Melee: Unarmed           ||    76
   Stab: Sleeping          ||     3
 Armour: Animal skin       ||    34
  Dodge: Dodged            ||    43
  Block: Buckler           ||     7

Table legend: (Time is in decaauts)
 A = Elapsed time spent in this place.
 B = Non-inter-level travel time spent in this place.
 C = Inter-level travel time spent in this place.
 D = Time resting spent in this place.
 E = Time spent auto-exploring this place.
 F = Levels seen in this place.
 G = Mean time per level.
                   A        B        C        D        E       F      G
               +--------+--------+--------+--------+--------+-----+--------+
         Total |    883 |    853 |     30 |     53 |    579 |   2 |  441.5 |
       Dungeon |    883 |    853 |     30 |     53 |    579 |   2 |  441.5 |
               +--------+--------+--------+--------+--------+-----+--------+

Top non-repeatable levels by time:
     D:1: 881 daAuts
     D:2: 1 daAuts
